 Dungeon Crawl Stone Soup version 0.28.0-1-gb440e238dd (webtiles) character file.

Game seed: 1057962237879371745

169006 4FPSwarrior the Warrior (level 17, -2/149 HPs)
             Began as a Demonspawn Abyssal Knight on Feb 25, 2022.
             Was a High Priest of Lugonu.
             Drowned by a water nymph (9 damage)
             ... on level 3 of the Shoals on Feb 26, 2022.
             The game lasted 03:13:43 (49179 turns).

4FPSwarrior the Warrior (DsAK)                     Turns: 49179, Time: 03:13:43

Health: -2/149     AC: 30    Str: 16    XL:     17   Next: 34%
Magic:  0/12       EV: 13    Int: 17    God:    Lugonu [*****.]
Gold:   1457       SH:  9    Dex: 16    Spells: 8/23 levels left

rFire   . . .      SeeInvis +   h - +4 falchion of Wyrd {antimagic, rPois Str+2}
rCold   + + +      Faith    .   (no shield)
rNeg    + . .      Spirit   +   T - +0 ring mail of the Pink Corner {rC+ rN+ Regen+ MP+9}
rPois   +          Reflect  +   d - +0 helmet "Xuuq" {rC+ Will+}
rElec   .          Harm     .   C - +2 cloak
rCorr   .          Rampage  .   (gloves unavailable)
Will    ++...                   e - +2 pair of boots
Stlth   +.........              w - amulet of reflection
HPRegen 1.14/turn               v - ring of see invisible
MPRegen 0.26/turn               N - +4 ring of protection

@: studying 2 skills, invisible, very slow
A: icy blue scales 3, icemail 2, magic shield, magic regeneration, condensation
shield, demonic touch 3
a: Renounce Religion, Depart the Abyss, Bend Space, Banish, Corrupt, Enter the
Abyss


You were on level 3 of the Shoals.
You worshipped Lugonu.
Lugonu was extremely pleased with you.
You visited 5 branches of the dungeon, and saw 29 of its levels.
You visited the Abyss 1 time.
You also visited: Gauntlet and Ice Cave.

You collected 2409 gold pieces.
You spent 952 gold pieces at shops.

Inventory:

Hand Weapons
 h - the +4 falchion of Wyrd (weapon) {antimagic, rPois Str+2}
   (You found it on level 2 of the Dungeon)

   It reduces the magical energy of the wielder, and disrupts the spells and
   magical abilities of those it strikes.
   Natural abilities and divine invocations are not affected.
   Str:       It affects your strength (+2).
   rPois:     It protects you from poison.
 i - a +0 trident of pain
 u - a +3 scimitar of chaos
 A - the +5 scimitar of the Evening {venom, rN+ Str+2 Dex+4}
   (You bought it in a shop on level 10 of the Dungeon)

   It poisons the flesh of those it strikes.
   Str:       It affects your strength (+2).
   Dex:       It affects your dexterity (+4).
   rN:        It protects you from negative energy.
 Z - a +3 scimitar of electrocution
Missiles
 f - 7 throwing nets
 H - 344 stones
 O - 6 javelins (quivered)
Armour
 d - the +0 helmet "Xuuq" (worn) {rC+ Will+}
   (You found it in a Gauntlet)

   rC:        It protects you from cold.
   Will:      It increases your willpower.
 e - a +2 pair of boots (worn)
 t - a +1 robe of willpower
 y - the +1 cloak of Surprise {Harm rCorr Str+4}
   (You found it in a Gauntlet)

   Str:       It affects your strength (+4).
   rCorr:     It protects you from acid and corrosion.
   Harm:      It increases damage dealt and taken.
 C - a +2 cloak (worn)
 P - the +3 hat of Pondering {ponderous, Will+ MP+10 Int+5}
   (You took it off Gastronok on level 1 of the Lair of Beasts)

   Int:       It affects your intelligence (+5).
   MP:        It affects your magic capacity (+10).
   Will:      It increases your willpower.
 T - the +0 ring mail of the Pink Corner (worn) {rC+ rN+ Regen+ MP+9}
   (You found it in a Gauntlet)

   rC:        It protects you from cold.
   rN:        It protects you from negative energy.
   MP:        It affects your magic capacity (+9).
   Regen:     It increases your rate of health regeneration.
Jewellery
 v - a ring of see invisible (left hand)
 w - an amulet of reflection (around neck)
 E - a ring of wizardry
 J - the amulet "Zojo" {Reflect Harm Will+ SH+5 SInv}
   (You took it off a centaur warrior on level 10 of the Dungeon)

   [amulet of reflection]

   It reflects blocked missile attacks.
   SInv:      It lets you see invisible.
   SH:        It affects your SH (+5).
   Harm:      It increases damage dealt and taken.
   Will:      It increases your willpower.
 N - a +4 ring of protection (right hand)
 S - a ring of positive energy
Wands
 m - a wand of charming (5)
 p - a wand of mindburst (14)
 D - a wand of acid (8)
 I - a wand of digging (15)
 L - a wand of flame (69)
 R - a wand of polymorph (2)
 Y - a wand of paralysis (11)
Scrolls
 a - 4 scrolls of enchant armour
 g - 6 scrolls of teleportation
 j - 5 scrolls of enchant weapon
 o - 2 scrolls of fog {unknown}
 q - a scroll of blinking {unknown}
 s - 3 scrolls of magic mapping
 x - 2 scrolls of acquirement {unknown}
 B - 4 scrolls of vulnerability
 F - a scroll of brand weapon
 Q - 3 scrolls of silence
 V - a scroll of summoning
 W - a scroll of fear
Potions
 b - a potion of invisibility
 c - 4 potions of mutation
 k - 2 potions of resistance
 l - a potion of cancellation
 n - 9 potions of brilliance
 r - 6 potions of curing
 z - 3 potions of haste
 G - 3 potions of magic
 K - 4 potions of lignification
 M - 2 potions of ambrosia
 U - a potion of flight


   Skills:
 * Level 17.7 Fighting
 + Level 11.7 Long Blades
 - Level 4.2 Throwing
 + Level 6.5 Armour
 + Level 6.3 Dodging
 + Level 3.8 Spellcasting
 - Level 6.0 Hexes
 + Level 11.2 Necromancy
 - Level 8.0 Ice Magic
 + Level 8.7 Earth Magic
 + Level 3.1 Poison Magic
 + Level 16.3 Invocations


You had 8 spell levels left.
You knew the following spells:

 Your Spells              Type           Power      Damage    Failure   Level
a - Frozen Ramparts       Ice            60%        1d8       3%          3
b - Anguish               Hex/Necr       16%        N/A       9%          4
c - Borgnjor's Vile Clut  Necr/Erth      18%        N/A       13%         5
d - Vampiric Draining     Necr           41%        2d8       1%          3

Your spell library contained the following spells:

 Spells                   Type           Power      Damage    Failure   Level
 Animate Skeleton         Necr           82%        N/A       1%          1
 Freeze                   Ice            100%       1d11      1%          1
 Pain                     Necr           100%       1d9       1%          1
 Sandblast                Erth           66%        2d15      1%          1
 Ensorcelled Hibernation  Hex/Ice        54%        N/A       2%          2
 Animate Dead             Necr           20%        N/A       2%          4
 Passwall                 Tmut/Erth      15%        N/A       7%          2
 Leda's Liquefaction      Hex/Erth       14%        N/A       13%         4
 Stone Arrow              Conj/Erth      36%        3d9       14%         3
 Lee's Rapid Deconstruct  Erth           16%        3d11*     22%         5
 Apportation              Tloc           6%         N/A       28%         1
 Beastly Appendage        Tmut           6%         N/A       28%         1
 Magic Dart               Conj           12%        1d3       28%         1
 Summon Small Mammal      Summ           12%        N/A       28%         1
 Call Imp                 Summ           3%         N/A       38%         2
 Scorch                   Fire           6%         2d5       38%         2
 Death Channel            Necr           20%        N/A       38%         6
 Spider Form              Tmut/Pois      8%         N/A       41%         3
 Animate Armour           Summ/Erth      36%        N/A       41%         4
 Mephitic Cloud           Conj/Pois/Air  6%         N/A       47%         3
 Hailstorm                Conj/Ice       16%        3d6       47%         4
 Ice Form                 Ice/Tmut       16%        N/A       47%         4
 Summon Ice Beast         Ice/Summ       16%        N/A       47%         4
 Gell's Gravitas          Tloc           3%         N/A       63%         3
 Lesser Beckoning         Tloc           3%         N/A       63%         3
 Teleport Other           Tloc           3%         N/A       63%         3
 Fulminant Prism          Conj/Hex       6%         3d7       63%         4
 Flame Wave               Conj/Fire      3%         2d4       95%         4
 Iskenderun's Mystic Bla  Conj/Tloc      3%         2d3       95%         4
 Alistair's Intoxication  Tmut/Pois      5%         N/A       99%         5
 Blade Hands              Tmut           1%         N/A       100%        5
 Summon Forest            Summ/Tloc      1%         N/A       100%        5
 Eringya's Noxious Bog    Tmut/Pois      4%         N/A       100%        6
 Statue Form              Tmut/Erth      12%        N/A       100%        6
 Summon Cactus Giant      Summ           1%         N/A       100%        6
 Lehudib's Crystal Spear  Conj/Erth      9%         10d4      100%        8


Dungeon Overview and Level Annotations

Branches:
Dungeon (14/15)            Temple (0/1) D:4            Lair (6/6) D:11
 Shoals (3/4) Lair:4        Snake (4/4) Lair:4        Slime (0/5) Lair:5
    Orc (2/2) D:10            Elf (0/3) Orc:2        Vaults (0/5) D:13
  IceCv (visited)         Gauntlet (visited)

Altars:
Ashenzari
Cheibriados
Dithmenos
Elyvilon
Gozag
Hepliaklqana
Kikubaaqudgha
Nemelex Xobeh
Ru
Trog
Uskayaw
Vehumet
Wu Jian
Yredelemnul
Beogh

Shops:
D:10 *   D:13 (   Orc:2 [[*   Snake:1 =:=

Annotations:
D:11 2 transporters, xzight's ghost, journeyman MiBe
D:14 Roxanne
Shoals:2 corrupted
Snake:1 corrupted
Snake:3 1 runed translucent door
Snake:4 corrupted, 1 exclusion


Innate Abilities, Weirdness & Mutations

You are completely covered in icy blue scales. (AC +4, rC+)
A meltable icy envelope protects you from harm. (AC +8)
When hurt, damage is shared between your health and your magic reserves.
You regenerate magic rapidly.
A meltable shield of frost defends you. (SH +4)
Your touch may irresistibly damage your foes and sap their willpower.


Message History

* * * LOW HITPOINT WARNING * * *
The wall freezes the sea snake.
The sea snake completely misses you.
Unknown command.
Okay, then.
Your unstable footing causes you to fumble your attack.
The wall freezes the water nymph.
The water nymph touches you. The water nymph drowns you!
* * * LOW HITPOINT WARNING * * *
The water nymph touches you.
* * * LOW HITPOINT WARNING * * *
The water nymph drowns you!
* * * LOW HITPOINT WARNING * * *
As you read the scroll of fear, it crumbles to dust.
You assume a fearsome visage.
The water nymph looks frightened!
The sea snake looks frightened!
The water nymph resists with almost no effort.
The wall freezes the sea snake!
Your attack snaps the sea snake out of its fear.
The sea snake seems to slow down.
The wall freezes the water nymph!
Your attack snaps the water nymph out of its fear.
The water nymph points at you and mumbles some strange words.
The water swirls and strikes you!
* * * LOW HITPOINT WARNING * * *
The water nymph touches you. The water nymph drowns you!
* * * LOW HITPOINT WARNING * * *
Okay, then.
Unknown command.
Press: ? - help, v - describe, . - travel
Here: a water nymph (moderately wounded) Some shallow water, summoned.
You fade into invisibility!
The wall freezes the water nymph.
The water nymph points at you and mumbles some strange words.
The water swirls and strikes you!
* * * LOW HITPOINT WARNING * * *
The water nymph barely misses you.
Your frozen ramparts will break if you move.
Continue?
The frozen ramparts melt away as you move.
The water nymph touches you. The water nymph drowns you!
You die...

≈≈≈≈≈≈≈......≈≈
≈≈≈≈≈≈≈≈......≈≈
≈≈≈≈≈≈≈≈≈......≈≈
≈≈≈≈≈≈≈≈≈...≈..≈≈
≈≈≈≈≈≈≈≈≈.≈≈≈≈≈≈≈
≈≈≈≈≈≈≈≈≈.≈S≈≈≈≈≈
≈≈≈≈≈≈≈≈.≈≈≈≈≈≈≈≈
.≈≈≈≈≈≈≈≈<.≈≈≈≈≈≈
..≈≈≈≈mm@....≈≈≈.
.....≈≈≈##.......
.......## ......#
≈...### ≈≈..(##
≈≈. ..≈.## ≈.
..≈≈# #.≈≈#


You could see a sea snake (fleeing, slow) and 2 water nymphs.

Vanquished Creatures
  Jorgrun (Snake:3)
  A kraken (Shoals:1)
  Gastronok (Lair:1)
  2 nagarajas (Snake:3)
  The ghost of mistmaker the Zephyrmancer, an adept TeAE of Vehumet (D:13)
  A minotaur (Gauntlet)
  Snorg (Lair:4)
  A salamander tyrant (Snake:3)
  15 naga warriors
  Harold (Orc:1)
  A boulder beetle (D:10)
  4 vault guards (D:13)
  An ogre mage (D:13)
  4 hydras
  6 centaur warriors
  A catoblepas (Lair:3)
  5 two-headed ogres
  A death knight (D:14)
  13 anacondas
  8 death yaks
  Nergalle (Lair:4)
  3 shock serpents
  8 naga sharpshooters
  4 skeletal warriors (D:14)
  A fire crab (Gauntlet)
  3 salamander mystics
  6 naga ritualists
  5 sea snakes
  A deep elf archer (D:13)
  A wizard (D:13)
  2 spectral wolf spiders (D:13)
  8 orc knights
  4 phantasmal warriors (Lair:4)
  8 harpies
  An oklob plant (D:11)
  5 manticores
  10 ugly things
  2 deep elf pyromancers
  17 mana vipers
  2 fauns (Shoals:1)
  An orc sorcerer (Orc:2)
  4 cyclopes
  A worldbinder (Gauntlet)
  11 salamanders
  39 black mambas
  2 spectral centaurs (D:13)
  Maurice (D:8)
  6 guardian serpents
  2 molten gargoyles (Lair:6)
  5 gargoyles
  17 naga magi
  7 cane toads
  A torpor snail (Lair:5)
  An unseen horror (D:12)
  6 rime drakes
  12 komodo dragons
  2 efreet (D:10)
  2 tengu conjurers
  A freezing wraith (D:11)
  An ice devil (Gauntlet)
  4 merfolk
  5 polar bears
  7 trolls
  A meliai (D:10)
  A hornet (D:10)
  8 slime creatures
  2 snapping turtles (Shoals:1)
  9 blink frogs
  4 dream sheep (Lair:2)
  A centaur simulacrum (D:13)
  Sigmund (D:6)
  3 wraiths
  A shadow (D:11)
  41 yaks
  5 fire bats (Gauntlet)
  2 vampire mosquitoes (D:13)
  4 basilisks
  5 wyverns
  A hog (shapeshifter) (D:13)
  Grum (D:9)
  2 steam dragons
  10 wargs
  38 nagas
  An acid dragon (D:10)
  18 water moccasins
  3 hell hounds (Gauntlet)
  4 ice beasts
  A meliai simulacrum (D:13)
  A black bear (D:4)
  A necrophage (D:6)
  39 orc warriors
  5 wolves
  10 ogres
  2 boggarts (Gauntlet)
  13 centaurs
  2 kobold brigands
  15 bullfrogs
  2 scorpions
  3 gnoll sergeants
  A hornet simulacrum (D:14)
  A water moccasin skeleton (D:6)
  9 killer bees
  An electric eel (Lair:5)
  5 wights
  14 howler monkeys
  4 centaur zombies
  3 bullfrog zombies (D:6)
  2 centaur skeletons (D:6)
  2 hounds
  3 jellies
  3 bullfrog skeletons
  12 orc priests
  3 gnoll shamans
  3 iguanas
  15 orc wizards
  Terence (D:3)
  2 killer bee zombies
  A hound zombie (D:5)
  A hound skeleton (D:4)
  A howler monkey zombie (D:7)
  4 adders
  18 gnolls
  4 white imps
  A dart slug (D:1)
  76 orcs
  3 ball pythons
  3 endoplasms
  A giant cockroach (D:1)
  3 goblins
  4 hobgoblins
  2 jackals (D:1)
  6 quokkas
  7 bats
  3 frilled lizards
  11 kobolds
  6 rats
  3 tentacles (Shoals:1)
801 creatures vanquished.

Vanquished Creatures (collateral kills)
  Rupert (Lair:3)
  Louise (D:14)
  A salamander mystic (Snake:4)
  A black mamba (Snake:4)
  A naga mage (Snake:4)
  A komodo dragon (Lair:3)
  A naga (Snake:4)
7 creatures vanquished.

Vanquished Creatures (others)
  Asterion (Snake:4)
  2 nagarajas
  Ilsuiw (Shoals:2)
  Aizul (Snake:1)
  A merfolk javelineer (Shoals:2)
  A merfolk impaler (Shoals:2)
  4 naga warriors
  A merfolk aquamancer (Shoals:2)
  5 anacondas
  A naga sharpshooter (Snake:4)
  3 naga ritualists
  A deep elf pyromancer (D:14)
  7 fauns (Shoals:2)
  5 mana vipers
  A merfolk siren (Shoals:2)
  2 salamanders
  2 guardian serpents
  7 black mambas
  7 naga magi
  An unseen horror (D:13)
  A wind drake (Shoals:2)
  2 merfolk (Shoals:2)
  A snapping turtle (Shoals:2)
  3 water elementals (Shoals:2)
  14 nagas
  2 bushes (Snake:1)
  35 fungi
  58 plants
  36 starspawn tentacles
  13 tentacles (Shoals:1)
219 creatures vanquished.

Grand Total: 1027 creatures vanquished

Notes
Turn   | Place    | Note
-------+----------+-------------------------------------------
     0 | Abyss:1  | 4FPSwarrior the Demonspawn Abyssal Knight began the quest
                  | for the Orb.
     0 | Abyss:1  | Reached XP level 1. HP: 18/18 MP: 2/2
    66 | Abyss:1  | Noticed a quasit
    67 | D:1      | Escaped the Abyss
   339 | D:1      | Gained mutation: A meltable shield of frost defends you.
                  | (SH +4) [demonic ancestry]
   339 | D:1      | Reached XP level 2. HP: 24/24 MP: 4/4
   340 | D:1      | Reached * piety under Lugonu
  1132 | D:2      | Gained mutation: Your touch may inflict minor irresistible
                  | damage on your foes. [demonic ancestry]
  1132 | D:2      | Reached XP level 3. HP: 30/30 MP: 5/5
  1166 | D:2      | Identified the +4 falchion of Wyrd {antimagic, rPois Str+2}
  1894 | D:3      | Found a sacrificial altar of Ru.
  1907 | D:3      | Reached skill level 4 in Fighting
  1907 | D:3      | Gained mutation: A meltable icy envelope protects you from
                  | harm. (AC +8) [demonic ancestry]
  1907 | D:3      | Reached XP level 4. HP: 25/37 MP: 2/6
  2360 | D:3      | Noticed Terence
  2365 | D:3      | Killed Terence
  2697 | D:4      | Noticed a black bear
  2699 | D:4      | Gained mutation: You are partially covered in icy blue
                  | scales. (AC +2) [demonic ancestry]
  2699 | D:4      | Reached XP level 5. HP: 43/43 MP: 2/8
  3446 | D:4      | Reached skill level 5 in Fighting
  3498 | D:4      | Found a staircase to the Ecumenical Temple.
  3579 | D:5      | Entered Level 5 of the Dungeon
  3590 | D:5      | Gained mutation: You are mostly covered in icy blue scales.
                  | (AC +3) [demonic ancestry]
  3590 | D:5      | Reached XP level 6. HP: 47/51 MP: 3/9
  3591 | D:5      | Noticed an ice beast
  3641 | D:5      | Killed an ice beast
  3669 | D:5      | Reached skill level 5 in Invocations
  3754 | D:5      | Reached ** piety under Lugonu
  3755 | D:5      | Reached skill level 6 in Fighting
  3755 | D:5      | Gained mutation: You regenerate magic rapidly. [demonic
                  | ancestry]
  3755 | D:5      | Reached XP level 7. HP: 32/58 MP: 3/11
  3973 | D:5      | Found a hazy altar of Hepliaklqana.
  4477 | D:6      | Noticed a gargoyle
  4525 | D:6      | Reached skill level 7 in Fighting
  4707 | D:6      | Found a broken altar of Ashenzari.
  4773 | D:6      | Found a radiant altar of Vehumet.
  4809 | D:5      | Reached XP level 8. HP: 38/67 MP: 4/12
  5026 | D:6      | Learned a level 3 spell: Frozen Ramparts
  5167 | D:6      | Reached skill level 1 in Ice Magic
  5345 | D:6      | Found an ancient bone altar of Kikubaaqudgha.
  5364 | D:6      | Found a bloodstained altar of Trog.
  5433 | D:6      | Noticed Sigmund
  5838 | D:7      | Reached skill level 8 in Fighting
  5838 | D:7      | Reached skill level 5 in Long Blades
  6392 | D:7      | Noticed a komodo dragon
  6554 | D:6      | Found an opulent altar of Gozag.
  6558 | D:6      | Found a basalt altar of Yredelemnul.
  6601 | D:6      | Reached XP level 9. HP: 75/75 MP: 4/14
  7407 | D:8      | Reached *** piety under Lugonu
  7408 | D:8      | Reached skill level 9 in Fighting
  7848 | D:8      | Noticed Maurice
  7885 | D:8      | Killed Maurice
  8247 | D:8      | Found an ornate altar of the Wu Jian Council.
  8698 | D:9      | Noticed a two-headed ogre
  9300 | D:8      | Reached skill level 10 in Fighting
  9684 | D:9      | Gained mutation: Your touch may inflict irresistible damage
                  | on your foes. [demonic ancestry]
  9684 | D:9      | Reached XP level 10. HP: 59/85 MP: 5/16
  9878 | D:9      | Found a sparkling altar of Nemelex Xobeh.
  9915 | D:9      | Noticed Grum
 10629 | D:6      | Killed a gargoyle
 11285 | D:4      | Found a staircase to the Ecumenical Temple.
 11630 | D:9      | Found a snail-covered altar of Cheibriados.
 11648 | D:9      | Noticed a gargoyle
 11651 | D:9      | Noticed a two-headed ogre
 11754 | D:9      | Killed a two-headed ogre
 11755 | D:9      | Reached skill level 5 in Ice Magic
 11956 | D:8      | Learned a level 4 spell: Anguish
 11965 | D:8      | Reached skill level 10 in Invocations
 12199 | D:8      | Banished a two-headed ogre
 12200 | D:8      | Reached skill level 11 in Fighting
 12200 | D:8      | Reached skill level 1 in Throwing
 12200 | D:8      | Reached skill level 1 in Hexes
 12200 | D:8      | Reached skill level 1 in Necromancy
 12388 | D:9      | Killed a gargoyle
 12975 | D:9      | Killed Grum
 13044 | D:9      | Found a snail-covered altar of Cheibriados.
 13099 | D:9      | Found a sparkling altar of Nemelex Xobeh.
 13261 | D:10     | Entered Level 10 of the Dungeon
 13461 | D:10     | Found Vukkor's General Store.
 13487 | D:9      | Reached XP level 11. HP: 49/93 MP: 6/18
 13912 | D:10     | Bought a scroll of teleportation for 36 gold pieces
 13912 | D:10     | Bought a +1 vorpal scimitar for 156 gold pieces
 14075 | D:10     | Noticed a seven-headed hydra
 14125 | D:10     | Banished a seven-headed hydra
 14216 | D:10     | Found a hide-covered altar of Uskayaw.
 14253 | D:10     | Found a staircase to the Orcish Mines.
 14768 | D:10     | Reached **** piety under Lugonu
 15768 | D:11     | Noticed an oklob plant
 15770 | D:11     | Found a staircase to the Lair.
 15862 | D:11     | Reached skill level 12 in Fighting
 16272 | D:11     | Found a transporter.
 16277 | D:11     | Noticed xzight's ghost (journeyman MiBe)
 16292 | D:11     | Found a transporter.
 16365 | D:11     | Noticed a two-headed ogre
 16441 | D:11     | Killed a two-headed ogre
 16639 | Lair:1   | Entered Level 1 of the Lair of Beasts
 17210 | Lair:1   | Reached ***** piety under Lugonu
 17211 | Lair:1   | Reached XP level 12. HP: 103/103 MP: 4/20
 17457 | Lair:1   | Noticed Gastronok
 17482 | Lair:1   | Killed Gastronok
 17708 | Lair:2   | Reached skill level 5 in Necromancy
 17911 | Lair:2   | Found a frozen archway.
 17963 | IceCv    | Entered an ice cave
 18076 | IceCv    | Reached skill level 13 in Fighting
 18076 | IceCv    | Reached skill level 1 in Spellcasting
 18147 | IceCv    | Noticed a death yak
 18158 | IceCv    | Killed a death yak
 18159 | IceCv    | Reached skill level 5 in Hexes
 19266 | Lair:3   | Noticed Rupert
 19277 | Lair:3   | Killed Rupert
 19278 | Lair:3   | Reached XP level 13. HP: 40/111 MP: 10/22
 20061 | Lair:4   | Noticed Nergalle
 20088 | Lair:4   | You fall into a shaft and drop 1 floor!
 20479 | Lair:4   | Learned a level 5 spell: Borgnjor's Vile Clutch
 20532 | Lair:4   | Killed Nergalle
 20652 | Lair:4   | Found a staircase to the Snake Pit.
 20817 | Lair:4   | Found a staircase to the Shoals.
 21317 | Lair:4   | Noticed Snorg
 21872 | Lair:5   | Reached skill level 1 in Earth Magic
 22242 | Lair:5   | Reached skill level 14 in Fighting
 23098 | Lair:5   | Found a staircase to the Slime Pits.
 23129 | Lair:5   | Got the Collected Works on Creative Stones
 24587 | Lair:6   | Entered Level 6 of the Lair of Beasts
 25341 | Lair:6   | Gained mutation: You are completely covered in icy blue
                  | scales. (AC +4, rC+) [demonic ancestry]
 25341 | Lair:6   | Reached XP level 14. HP: 119/121 MP: 8/24
 25984 | Orc:1    | Entered Level 1 of the Orcish Mines
 26001 | D:10     | Identified the +11 battleaxe of Causality {elec, rPois rF+
                  | Str+2 Dex+4}
 26001 | D:10     | Identified the +1 leather armour "Vudeapung" {Rampage Str+9
                  | Dex-4}
 26095 | D:10     | Bought the +5 scimitar of the Evening {venom, rN+ Str+2
                  | Dex+4} for 643 gold pieces
 26511 | D:10     | Found a staircase to the Orcish Mines.
 26565 | D:10     | Found Vukkor's General Store.
 26728 | D:10     | Identified the amulet "Zojo" {Reflect Harm Will+ SH+5 SInv}
 26848 | D:10     | Identified the +6 spear of Unreason {freeze, *Noise rF+
                  | Int+3}
 27001 | D:10     | Found a hide-covered altar of Uskayaw.
 27633 | Orc:1    | Noticed Harold
 27903 | Orc:1    | Killed Harold
 28135 | Orc:2    | Entered Level 2 of the Orcish Mines
 28512 | Orc:2    | Found a staircase to the Elven Halls.
 28738 | D:12     | Found a gate leading to a gauntlet.
 28748 | Gauntlet | Entered a Gauntlet
 28748 | Gauntlet | Found a transporter.
 28758 | Gauntlet | Found a transporter.
 28769 | Gauntlet | Found a transporter.
 28772 | Gauntlet | Found a transporter.
 28786 | Gauntlet | Found a transporter.
 28800 | Gauntlet | Found a runed translucent gate.
 28801 | Gauntlet | Found a transporter.
 28801 | Gauntlet | Found a runed translucent gate.
 28802 | Gauntlet | Found a runed translucent gate.
 28810 | Gauntlet | Found a runed translucent door.
 28814 | Gauntlet | Found a transporter.
 28826 | Gauntlet | Found a transporter.
 28838 | Gauntlet | Found a transporter.
 28848 | Gauntlet | Found a runed translucent door.
 28849 | Gauntlet | Found a transporter.
 28849 | Gauntlet | Found a transporter.
 28851 | Gauntlet | Found a runed translucent door.
 28894 | Gauntlet | Found a transporter.
 28908 | Gauntlet | Found a transporter.
 28921 | Gauntlet | Found a transporter.
 29027 | Gauntlet | Identified the +0 helmet "Xuuq" {rC+ Will+}
 29061 | Gauntlet | Reached skill level 15 in Fighting
 29064 | Gauntlet | Noticed a quicksilver ooze
 29064 | Gauntlet | an eight-headed hydra changed into a quicksilver ooze
 29066 | Gauntlet | a quicksilver ooze changed into an alligator
 29081 | Gauntlet | Noticed a broodmother
 29081 | Gauntlet | a spark wasp changed into a broodmother
 29083 | Gauntlet | a broodmother changed into a great orb of eyes
 29086 | Gauntlet | Noticed a broodmother
 29086 | Gauntlet | an ettin changed into a broodmother
 29098 | Gauntlet | a broodmother changed into a tyrant leech
 29240 | Gauntlet | Noticed a sphinx
 29242 | Gauntlet | Identified the +1 cloak of Surprise {Harm rCorr Str+4}
 29244 | Gauntlet | Noticed a quicksilver dragon
 29244 | Gauntlet | a sphinx changed into a quicksilver dragon
 29385 | Gauntlet | Identified the +0 ring mail of the Pink Corner {rC+ rN+
                  | Regen+ MP+9}
 29493 | D:12     | Reached skill level 10 in Long Blades
 29746 | D:12     | Reached skill level 1 in Dodging
 29960 | D:13     | Found Osadgh's Antique Weapon Shoppe.
 30467 | D:13     | Reached ****** piety under Lugonu
 30769 | D:13     | Found a runed translucent gate.
 30770 | D:13     | Found a runed translucent gate.
 30770 | D:13     | Found a runed translucent gate.
 30772 | D:13     | Noticed mistmaker's ghost (adept TeAE)
 30914 | D:13     | Reached skill level 5 in Earth Magic
 31153 | D:13     | Found a gate to the Vaults.
 31363 | D:14     | Found a shadowy altar of Dithmenos.
 31740 | D:14     | Noticed Louise
 31751 | D:14     | Killed Louise
 31752 | D:14     | Gained mutation: Your touch may irresistibly damage your
                  | foes and sap their willpower. [demonic ancestry]
 31752 | D:14     | Reached XP level 15. HP: 130/130 MP: 11/25
 31888 | D:14     | Identified the +0 ring mail of Wisdom {*Slow Dex+3}
 31988 | D:14     | Noticed Roxanne
 32201 | D:14     | Identified the +6 whip "Ukoulew" {spect, +Blink rC- Int+2}
 32261 | D:14     | Got the Handbook of Supportive Transformation
 33918 | Orc:2    | Reached skill level 16 in Fighting
 34147 | Orc:2    | Found Ira Acest's Armour Shoppe.
 34147 | Orc:2    | Found Iwkusafo's Antique Weapon Boutique.
 34593 | Orc:2    | Found Tustroli's General Store.
 34593 | Orc:2    | Found Usaleh's Armour Shoppe.
 34598 | Orc:2    | Bought a potion of degeneration for 13 gold pieces
 34639 | Orc:2    | Bought a potion of heal wounds for 65 gold pieces
 34639 | Orc:2    | Bought a potion of curing for 39 gold pieces
 35032 | Lair:4   | Killed Snorg
 35203 | Lair:4   | Found a staircase to the Shoals.
 35571 | Snake:1  | Entered Level 1 of the Snake Pit
 36568 | Snake:1  | Reached skill level 15 in Invocations
 36841 | Snake:1  | Noticed Aizul
 36850 | Snake:1  | Corrupted Snake:1
 36851 | Snake:1  | Noticed an Executioner
 36851 | Snake:1  | Noticed a tentacled starspawn
 36857 | Snake:1  | Killed Aizul
 36865 | Snake:1  | Noticed a tentacled starspawn
 36881 | Snake:1  | Noticed a tentacled starspawn
 36895 | Snake:1  | Killed a nagaraja
 37030 | Snake:1  | Learned a level 3 spell: Vampiric Draining
 37571 | Snake:1  | Found Fyagarut's Book Shop.
 37572 | Snake:1  | Found Lyusir's Jewellery Shoppe.
 37572 | Snake:1  | Found Kuixem's Jewellery Shoppe.
 38034 | Snake:2  | Gained mutation: A meltable icy envelope protects you from
                  | harm. (AC +8) [demonic ancestry]
 38034 | Snake:2  | Reached XP level 16. HP: 122/139 MP: 27/27
 38069 | Snake:2  | Reached skill level 10 in Necromancy
 38203 | Snake:2  | Reached skill level 5 in Armour
 39115 | Snake:2  | Reached skill level 5 in Dodging
 39444 | Snake:3  | Noticed Jorgrun
 39784 | Snake:3  | Reached skill level 17 in Fighting
 39920 | Snake:3  | Identified the +5 ring mail "Fatho" {+Blink rC+}
 39973 | Snake:3  | Killed Jorgrun
 40717 | Snake:3  | Found a runed translucent door.
 42411 | D:6      | Found a radiant altar of Vehumet.
 42511 | D:6      | Found a broken altar of Ashenzari.
 42555 | D:6      | Killed Sigmund
 42812 | D:6      | Found an ancient bone altar of Kikubaaqudgha.
 42815 | D:6      | Found a bloodstained altar of Trog.
 42920 | D:6      | Found a basalt altar of Yredelemnul.
 42922 | D:6      | Found an opulent altar of Gozag.
 43290 | D:13     | Killed mistmaker's ghost
 44588 | Snake:3  | Found a runed translucent door.
 44678 | Snake:4  | Entered Level 4 of the Snake Pit
 44803 | Snake:4  | Gained mutation: When hurt, damage is shared between your
                  | health and your magic reserves. [demonic ancestry]
 44803 | Snake:4  | Reached XP level 17. HP: 58/148 MP: 9/29
 45229 | Snake:4  | Reached skill level 1 in Poison Magic
 45249 | Snake:4  | Noticed Asterion
 45254 | Snake:4  | Corrupted Snake:4
 45257 | Snake:4  | Killed Asterion
 47630 | Shoals:1 | Entered Level 1 of the Shoals
 48175 | Shoals:1 | Noticed a kraken
 48222 | Shoals:1 | Killed a kraken
 48866 | Shoals:2 | Noticed Ilsuiw
 48890 | Shoals:2 | Corrupted Shoals:2
 48890 | Shoals:2 | Noticed a profane servitor
 48901 | Shoals:2 | Killed Ilsuiw
 49178 | Shoals:3 | HP: 5/149 [water nymph/the raging water (7)]
 49179 | Shoals:3 | Drowned by a water nymph

Illustrated notes

Levels and vault maps discovered:
D:1:      wander_arrival_peaceful_grave, layout_basic, minmay_tromino_v4_c
D:2:      layout_loops_cross
D:3:      layout_basic, nicolae_ru_great_annihilating_truth, uniq_terence
D:4:      layout_rooms, temple_doors_e, serial_bayou_pond_c
D:5:      layout_cave_pools, mainiacjoe_overflow_catwalk, hangedman_glass_teeth,
          minmay_diced_spiral
D:6:      layout_loops_ring, mainiacjoe_overflow_chevrons, lemuel_tele_altar,
          nicolae_overflow_hidden_temple, glass_columns_a, uniq_sigmund
D:7:      layout_loops_ring, due_unseen_surprise
D:8:      layout_basic, pdpol_wu_jian_five_deadly_venoms,
          chequers_serial_rivers_room_a, uniq_maurice
D:9:      layout_cross, cheibriados_altar_1, kennysheep_mini,
          minmay_joined_circles, uniq_grum
D:10:     minmay_the_grid_triangle_9x9_recursive_2
          [minmay_the_grid_triangle_9x9_prize_schism,
          minmay_the_grid_triangle_9x9_intruding_spiral,
          minmay_the_grid_triangle_9x9_longest,
          minmay_the_grid_triangle_9x9_from_above], layout_small_grid,
          eat_drink_and_be_merry_uskayaw, minmay_orc_entry_temple_large,
          serial_shops, nicolae_stop_n_shop_1, chequers_serial_rivers_small_3,
          minmay_circle_x
D:11:     layout_stronghold, dpeg_oklobed_lair, gammafunk_ghost_stat_death
D:12:     layout_stronghold, gauntlet_entry_generic
D:13:     layout_loops_cross, grunt_vaults_entry_fortified, serial_shops,
          nicolae_shop_crystal, gammafunk_ghost_necromancy
D:14:     layout_basic, minmay_misc_feat_tower,
          nicolae_dithmenos_through_a_glass_darkly, uniq_roxanne, uniq_louise
Lair:1:   layout_loops_ring, uniq_gastronok
Lair:2:   layout_roguey, portal_ice_cave_rime, lemuel_fruit_fields,
          serial_bayou_shore_b, grunt_megastairs_1
Lair:3:   layout_chaotic_city, st_stairs_11, minmay_lindwurm_lava,
          grunt_megastairs_2, uniq_rupert
Lair:4:   layout_roguey, elwin_shoals_entry_rooms, guppyfry_snake_entry_garden,
          uniq_snorg, uniq_nergalle
Lair:5:   layout_regular_city, slime_dummy, grunt_megastairs_3,
          serial_bayou_shore_a
Lair:6:   cheibrodos_lair_end_hotspot, layout_regular_city
Shoals:1: layout_shoals
Shoals:2: layout_shoals, uniq_ilsuiw
Shoals:3: layout_shoals, nicolae_shoals_hunting_party
Snake:1:  nicolae_snake_hallway, layout_gridlike,
          nicolae_snake_ghostly_warrior_ritual, minmay_shop_grove, uniq_aizul
Snake:2:  layout_chambers, special_room, grunt_megastairs_5, lemuel_fruit_tree
Snake:3:  layout_layer_cave, special_room, lightli_airlock, uniq_jorgrun
Snake:4:  grunt_snake_rune_serpentine_throne, layout_cave_shapes, drop_trap,
          nicolae_snake_round_shape_thing, serial_bayou_pond_a,
          nicolae_fountain_basement, uniq_asterion
Orc:1:    layout_caves, uniq_harold
Orc:2:    st_orc_town, layout_diamond_mine

Skill      XL: |  1  2  3  4  5  6  7  8  9 10 11 12 13 14 15 16 17 |
---------------+----------------------------------------------------+-----
Long Blades    | 2 3 4 5 6 7 8 9 10 11 | 11.7
Invocations    | 3 4 5 6 7 9 10 11 12 13 14 15 16 | 16.3
Fighting       | 4 5 6 7 8 10 11 12 13 14 15 16 17 | 17.7
Ice Magic      | 2 4 5 6 7 8 |  8.0
Throwing       | 1 3 4 |  4.2
Hexes          | 2 4 5 6 |  6.0
Necromancy     | 2 4 6 7 9 10 11 | 11.2
Spellcasting   | 2 3 |  3.8
Earth Magic    | 3 5 7 8 |  8.7
Dodging        | 2 4 5 6 |  6.3
Armour         | 3 4 6 |  6.5
Poison Magic   | 3 |  3.1

Action                   |  1- 3 |  4- 6 |  7- 9 | 10-12 | 13-15 | 16-18 || total
-------------------------+-------+-------+-------+-------+-------+-------++-------
Melee: Falchion          |    77 |    85 |   358 |   432 |   719 |   672 ||  2343
       Touch             |     3 |    22 |    60 |   147 |   397 |   198 ||   827
       Punch             |       |     1 |     4 |    10 |    32 |    11 ||    58
       Scimitar          |       |       |       |   247 |   855 |   183 ||  1285
Throw: Boomerang         |       |     9 |    12 |    18 |    53 |       ||    92
       Dart              |       |       |       |     1 |       |       ||     1
       Stone             |       |       |       |       |    17 |       ||    17
       Javelin           |       |       |       |       |     9 |     6 ||    15
 Cast: Frozen Ramparts   |       |       |       |    34 |   108 |    52 ||   194
       Anguish           |       |       |       |     1 |     3 |       ||     4
       Borgnjor's Vile C |       |       |       |       |    14 |    26 ||    40
       Vampiric Draining |       |       |       |       |     1 |     4 ||     5
Invok: Depart the Abyss  |     1 |       |       |       |       |       ||     1
       Bend Space        |       |       |     1 |       |       |       ||     1
       Banish            |       |       |       |     3 |     8 |     3 ||    14
       Corrupt           |       |       |       |       |     1 |     2 ||     3
Evoke: Wand              |       |       |       |    27 |     9 |     4 ||    40
  Use: Scroll            |       |     4 |     3 |    11 |    14 |    12 ||    44
       Potion            |       |       |       |     3 |     5 |     5 ||    13
 Stab: Sleeping          |     1 |       |     1 |     1 |       |       ||     3
       Invisible         |       |     1 |       |       |       |       ||     1
       Distracted        |       |       |       |     1 |     2 |       ||     3
Armor: Leather armour    |    12 |       |       |       |       |       ||    12
       Ring mail         |     5 |    31 |   178 |    65 |   418 |   475 ||  1172
       Troll leather arm |       |       |       |   305 |    44 |       ||   349
       Robe              |       |       |       |       |   179 |       ||   179
Dodge: Dodged            |    39 |    42 |   181 |   321 |   593 |   408 ||  1584
Block: Other             |    11 |     9 |    72 |   103 |   421 |   374 ||   990
       Reflection        |       |       |       |       |    28 |    29 ||    57
